 Dungeon Crawl Stone Soup version 0.31.0-11-ge490571c62 (webtiles) character file.

Game seed: 13351796328918170132

100 qw the Shooter (level 4, -8/25 HPs)
             Began as a Deep Elf Hunter on Feb 3, 2024.
             Mangled by a black bear (9 damage)
             ... on level 4 of the Dungeon.
             The game lasted 00:00:22 (2595 turns).

qw the Shooter (Deep Elf Hunter)                    Turns: 2595, Time: 00:00:23

Health: -8/25      AC:  5    Str: 10    XL:     4   Next: 46%
Magic:  6/6        EV: 11    Int: 14    God:
Gold:   136        SH:  0    Dex: 18    Spells: 3/3 levels left

rFire   + . .        a - +0 shortbow
rCold   . . .        (shield currently unavailable)
rNeg    . . .        g - +0 ring mail {rF+}
rPois   .            (no helmet)
rElec   .            (no cloak)
rCorr   .            (no gloves)
SInv    .            (no boots)
Will    .....        (no amulet)
Stlth   +            (no ring)
HPRegen 0.24/turn    (no ring)
MPRegen 0.10/turn

%: no passive effects
@: about to teleport
A: no striking features
a: no special abilities


You were on level 4 of the Dungeon.
You visited 1 branch of the dungeon, and saw 4 of its levels.

You collected 136 gold pieces.


   Skills:
 - Level 1.5 Fighting
 + Level 7.9 Ranged Weapons
 - Level 2.4 Dodging
 - Level 1.2 Stealth


You had 3 spell levels left.
You didn't know any spells.
Your spell library was empty.

Inventory:

Hand Weapons
 a - a +0 shortbow (weapon)
Armour
 g - a +0 ring mail of fire resistance (worn)
Scrolls
 e - a scroll of vulnerability {unknown}
Potions
 b - a potion of attraction {unknown}
 c - a potion of curing {unknown}
 d - 2 potions of mutation
 f - a potion of resistance
 h - a potion of degeneration {unknown}
 i - a potion of magic {unknown}

Dungeon Overview and Level Annotations

Branches:
Dungeon (4/15)
 Temple: D:4-7

Altars:

Shops:
D:1 (

Annotations:
D:3 1 runed translucent door, Crazy Yiuf


Message History

You shoot an arrow.
The arrow hits the black bear but does no damage.
The black bear bites you but does no damage.
The black bear claws you.
The black bear claws you but does no damage.
You shoot an arrow. The arrow hits the black bear!
The black bear is moderately wounded.
The black bear barely misses you. x2; The black bear claws you.
A goblin comes into view. It is wielding a +0 dagger.
You shoot an arrow. The arrow barely misses the black bear.
The goblin shouts!
The black bear bites you. The black bear claws you.
The black bear claws you but does no damage.
You shoot an arrow. The arrow hits the black bear.
The black bear is heavily wounded.
The black bear barely misses you. The black bear claws you.
The black bear claws you but does no damage.
You shoot an arrow. The arrow hits the black bear.
The black bear is heavily wounded.
The black bear bites you.
The black bear claws you but does no damage. x2
You shoot an arrow. The arrow hits the black bear!
The black bear is almost dead.
The black bear goes berserk!
Enter note:
Enter note:
2593 ||| RETREEEEATING.
The black bear bites you.
The black bear claws you but does no damage.
The black bear claws you.
2594 ||| READING scroll of teleportation.
As you read the scroll of teleportation, it crumbles to dust.
You feel strangely unstable.
The black bear bites you but does no damage.
The black bear claws you but does no damage.
The black bear claws you.
Enter note:
2595 ||| RETREEEEATING.
The black bear bites you!
You die...

. ##+##.. ....... ......#
## ###g..>..# .#####
##### ##...#'#
.....####...###..h.[.###
................@..(...#
...#.####.#.........##.#
##....>.#......#+#)## #
.#..###.####...#.#.# .#
.#..#..........#.#.###.#
.#....##....##.#.#.#...
.#..####.......#.#.#.###.
.#......................
...............#....(.#


You could see a black bear (berserk) and a goblin.

Vanquished Creatures
  5 adders
  2 dart slugs
  A ribbon worm (D:3)
  An orc (D:3)
  7 ball pythons
  2 endoplasms
  A giant cockroach (D:1)
  A hobgoblin (D:3)
  6 jackals
  4 quokkas (D:1)
  4 frilled lizards
  3 goblins
  4 kobolds
  9 rats
50 creatures vanquished.

Notes
Turn   | Place    | Note
-------+----------+-------------------------------------------
     0 | D:1      | qw the Deep Elf Hunter began the quest for the Orb.
     0 | D:1      | Reached XP level 1. HP: 12/12 MP: 3/3
     0 | D:1      | 0 ||| qw: Version: 0.3-a-155-g5e7d8dd
     0 | D:1      | 0 ||| qw: Game counter: 3517
     0 | D:1      | 0 ||| qw: Melee chars always use a shield: true
     0 | D:1      | 0 ||| qw: God list: Okawaru
     0 | D:1      | 0 ||| qw: Allow faded altars: false
     0 | D:1      | 0 ||| qw: Do Orc after clearing Dungeon:15 true
     0 | D:1      | 0 ||| qw: Do second Lair branch before Depths: true
     0 | D:1      | 0 ||| qw: Lair rune preference: random
     0 | D:1      | 0 ||| qw: Goals: Normal
     0 | D:1      | 0 ||| PLANNING D:1-11
   111 | D:1      | Found Odgho Bys's Weapon Emporium.
   293 | D:1      | Reached XP level 2. HP: 16/16 MP: 4/4
   304 | D:1      | Reached skill level 6 in Ranged Weapons
   685 | D:1      | Found a faded altar of an unknown god.
   864 | D:1      | 864 ||| UPGRADING to +0 ring mail of fire resistance.
   874 | D:1      | 874 ||| DROPPING +0 leather armour.
   875 | D:1      | 875 ||| READING 2 scrolls labelled NEGICRE HIDDYU.
   875 | D:1      | 875 ||| IDENTIFYING smoky green potion
   876 | D:1      | 876 ||| READING scroll of identify.
   876 | D:1      | 876 ||| IDENTIFYING viscous red potion
   877 | D:1      | 877 ||| DROPPING scroll of butterflies.
  1079 | D:2      | Reached XP level 3. HP: 20/20 MP: 5/5
  1490 | D:2      | HP: 4/20 [adder (2)]
  1492 | D:2      | Reached skill level 7 in Ranged Weapons
  1653 | D:2      | 1653 ||| READING scroll labelled KECUQ ISHROSCHA.
  1754 | D:2      | 1754 ||| READING scroll labelled SUOSHI QYNUMA.
  1759 | D:2      | 1759 ||| READING scroll labelled KOFEOH USAECK.
  1909 | D:3      | Reached XP level 4. HP: 25/25 MP: 6/6
  2337 | D:3      | Found a runed translucent door.
  2338 | D:3      | Noticed Crazy Yiuf
  2341 | D:3      | 2341 ||| READING scroll labelled AWOSTR VUMOPIA.
  2342 | D:3      | 2342 ||| READING scroll labelled NUITEC VIDISK.
  2343 | D:3      | 2343 ||| READING scroll labelled JUCWAIHETI.
  2582 | D:4      | Noticed a black bear
  2593 | D:4      | 2593 ||| RETREEEEATING.
  2593 | D:4      | HP: 6/25 [black bear (4)]
  2594 | D:4      | 2594 ||| READING scroll of teleportation.
  2594 | D:4      | HP: 1/25 [black bear (2)]
  2595 | D:4      | 2595 ||| RETREEEEATING.
  2595 | D:4      | Mangled by a black bear

Levels and vault maps discovered:
D:1:      dpeg_arrival_round_b, layout_loops_corners, serial_shops,
          nicolae_shop_trees, chequers_ecumenical_altar_lobes, hex_large,
          minmay_misc_feat_cross
D:2:      layout_basic
D:3:      layout_basic, uniq_crazy_yiuf_cottage
D:4:      layout_basic, amcnicky_altar_gilded

Skill      XL: |  1  2  3 |
---------------+----------+-----
Ranged Weapons | 6 7 |  7.9
Fighting       | |  1.5
Dodging        | |  2.4
Stealth        | |  1.2

Action                     |  1- 3 |  4- 6 || total
---------------------------+-------+-------++-------
   Fire: Shortbow          |    96 |    50 ||   146
    Use: Scroll            |     5 |     4 ||     9
 Armour: Leather armour    |     3 |       ||     3
         Ring mail         |    15 |    38 ||    53
  Dodge: Dodged            |    20 |    25 ||    45

Table legend:
 A = Non-vault XP
 B = Vault XP
 C = Vault XP percentage of total XP
 D = Non-vault monster count
 E = Vault monster count
 F = Vault count percentage of total count
                 A         B        C        D         E       F
            +---------+---------+-------+---------+---------+-------
      Total |     143 |       0 |   0.0 |      50 |       0 |   0.0
            +---------+---------+-------+---------+---------+-------
        D:1 |      31 |       0 |   0.0 |      18 |       0 |   0.0
        D:2 |      40 |       0 |   0.0 |      12 |       0 |   0.0
        D:3 |      69 |       0 |   0.0 |      18 |       0 |   0.0
        D:4 |       3 |       0 |   0.0 |       2 |       0 |   0.0
            +---------+---------+-------+---------+---------+-------
